Map: [ESL] Cosmic Sapphire

Players

Control - Winner!

  • Race: Terran Terran
  • Spawn Location: 11:00

trigger

  • Race: Protoss Protoss
  • Spawn Location: 5:00

Event: DreamHack SC2 Masters 2022 Valencia

VOD

Have the link to the VOD?

Description

Time

  • Played on: July 1, 2022, 3:18 p.m.
  • Length: 22:55

All games in this series

Show
View Real Time Build Order
Export as new Build Order

Control Terran - Winner!

Build Orders: Reaper Expand 

Get SALT Encoding   

  12  0:00  SCV  
  13  0:12  SCV  
  14  0:17  Supply Depot  
  14  0:24  SCV  
  15  0:39  SCV  
  15  0:41  Barracks  
  16  0:45  Refinery  
  16  0:51  SCV  
  17  1:03  SCV  
  18  1:15  SCV  
  19  1:28  Orbital Command  
  19  1:29  Reaper  
  20  1:54  Command Center  
  20  1:56  SCV  
  21  2:01  Marine  
  21  2:03  Supply Depot  
  22  2:09  Factory  
  22  2:17  Refinery, SCV  
  22  2:22  Barracks Reactor  
  23  2:29  SCV  
  24  2:35  Bunker  
  24  2:41  SCV  
  25  2:53  SCV  
  26  2:59  Armory, Marine  
  26  3:00  Marine  
  26  3:01  Factory Tech Lab  
  29  3:05  SCV  
  29  3:06  Orbital Command  
  29  3:17  SCV  
  30  3:20  Marine x2  
  32  3:28  Starport  
  32  3:29  SCV  
  32  3:30  Widow Mine  
  32  3:32  SCV  
  32  3:42  SCV  
  32  3:44  SCV, Marine  
  32  3:45  Marine  
  35  3:50  Drilling Claws  
  35  3:51  Widow Mine  
  35  3:54  SCV  
  37  3:56  SCV  
  37  4:00  Supply Depot  
  38  4:05  Medivac  
  38  4:06  SCV  
  41  4:10  SCV  
  41  4:11  Marine x2  
  41  4:13  Widow Mine  
  46  4:19  Supply Depot  
  46  4:21  SCV  
  46  4:23  SCV  
  48  4:31  Barracks, Marine x2  
  48  4:33  SCV  
  48  4:35  SCV  
  52  4:42  Medivac, Widow Mine  
  56  4:46  SCV  
  56  4:47  SCV  
  56  4:48  Engineering Bay  
  56  4:52  Refinery, Marine x2  
  60  4:57  Supply Depot  
  60  4:58  SCV  
  61  5:03  Barracks  
  61  5:07  Supply Depot  
  61  5:09  SCV  
  61  5:10  Widow Mine  
  61  5:13  Marine x2  
  66  5:17  SCV  
  67  5:21  SCV  
  68  5:29  SCV  
  68  5:33  Barracks Tech Lab  
  68  5:35  Medivac  
  71  5:36  SCV  
  71  5:39  Refinery  
  71  5:40  Missile Turret  
  71  5:41  SCV  
  73  5:47  Marine, Stimpack  
  73  5:48  SCV  
  73  5:53  Terran Infantry Weapons Level 1  
  73  5:54  SCV  
  73  5:56  Marine  
  71  5:59  Widow Mine  
  71  6:00  SCV  
  71  6:01  Widow Mine  
  76  6:06  SCV  
  76  6:09  Marauder x2  
  76  6:12  SCV  
  76  6:14  Combat Shield  
  76  6:18  SCV  
  75  6:22  Barracks Reactor  
  75  6:24  SCV  
  76  6:30  SCV  
  76  6:31  Marauder  
  77  6:33  Command Center  
  77  6:36  SCV  
  77  6:38  Liberator  
  81  6:41  Widow Mine x2  
  81  6:42  SCV  
  86  6:49  Marauder  
  88  6:55  SCV  
  88  6:57  SCV  
  90  7:01  Marine  
  90  7:02  Marauder  
  90  7:08  SCV  
  92  7:09  SCV  
  92  7:10  Marauder  
  92  7:14  Marine  
  92  7:20  Barracks x2, SCV  
  92  7:21  SCV  
  94  7:24  Starport Reactor  
  94  7:27  Widow Mine  
  94  7:39  Engineering Bay, Supply Depot x2  
  94  7:43  SCV x2, Widow Mine  
  98  7:44  Marine x2  
  98  7:45  Marauder  
  98  7:46  SCV  
  103  7:55  SCV  
  103  7:57  Marine  
  103  7:58  SCV  
  95  8:06  Medivac x2, Marauder, Widow Mine x2  
  95  8:07  SCV  
  95  8:09  Terran Infantry Weapons Level 2  
  95  8:10  Barracks Tech Lab, SCV, Barracks Reactor  
  105  8:16  Engineering Bay  
  105  8:18  Supply Depot  
  105  8:19  SCV  
  106  8:20  Terran Infantry Armor Level 1  
  106  8:22  SCV  
  106  8:24  Orbital Command  
  106  8:25  Marauder  
  109  8:31  SCV  
  109  8:32  Marine  
  109  8:33  Marauder  
  109  8:34  SCV, Supply Depot x2  
  114  8:43  SCV  
  114  8:46  SCV  
  114  8:47  Medivac x2, Marine, Marauder  
  123  8:49  Widow Mine x2  
  123  8:50  SCV  
  123  8:52  Ghost Academy  
  123  8:55  SCV, Supply Depot  
  129  8:56  Supply Depot  
  129  8:57  Supply Depot  
  129  8:58  SCV  
  129  8:59  Marine  
  129  9:00  Supply Depot  
  131  9:04  Marine x2, Marauder  
  131  9:05  Marauder  
  131  9:19  Marine, Marauder  
  131  9:21  Widow Mine x2  
  131  9:22  Medivac x2  
  142  9:25  Command Center  
  142  9:27  Refinery, Marine  
  142  9:28  Refinery  
  143  9:35  Marine  
  143  9:36  Marauder  
  143  9:37  Enhanced Shockwaves  
  146  9:40  SCV x2  
  146  9:41  SCV  
  146  9:44  Marine  
  150  9:48  Marine  
  150  9:51  Ghost, Marine x2  
  150  9:52  SCV x2  
  147  9:54  SCV  
  144  10:04  Marine, Marauder  
  144  10:05  Marine  
  146  10:09  Ghost  
  148  10:14  Concussive Shells  
  148  10:15  Marine  
  148  10:16  Marine  
  148  10:18  Widow Mine x2  
  148  10:20  Ghost  
  156  10:22  Terran Infantry Armor Level 2, Marine  
  156  10:23  Barracks  
  156  10:24  Barracks  
  156  10:25  Ghost  
  156  10:26  Barracks  
  159  10:34  Marine  
  159  10:35  Medivac  
  156  10:37  Ghost  
  156  10:38  Marine  
  156  10:40  Marine  
  156  10:41  Marine  
  161  10:48  Ghost  
  146  10:51  Widow Mine x2  
  146  10:52  Marine  
  146  10:54  Marauder  
  146  10:55  Marine  
  149  10:58  Marine, Medivac  
  149  10:59  Marine  
  149  11:07  Marauder  
  151  11:13  Barracks Tech Lab  
  151  11:14  Barracks Tech Lab, Barracks Reactor  
  151  11:16  Marauder  
  151  11:18  Marauder  
  155  11:19  Terran Infantry Weapons Level 3  
  155  11:20  Marine  
  156  11:28  Marauder  
  156  11:32  Supply Depot  
  154  11:33  Medivac, Starport  
  154  11:37  Marine, Marauder x2  
  154  11:38  Marauder  
  154  11:39  Marauder  
  165  11:41  Planetary Fortress  
  165  11:44  Refinery  
  165  11:45  Refinery  
  165  11:49  Marine  
  165  11:50  Marauder  
  165  11:52  Marine  
  165  11:53  Marine  
  165  11:54  Marine x2  
  171  11:55  Marine  
  171  11:59  Marauder x3  
  171  12:00  Marauder  
  181  12:07  Marine  
  182  12:09  Marine  
  182  12:11  Marine x2, Marauder  
  182  12:12  Marine  
  182  12:13  Marine  
  189  12:20  Marauder x3  
  189  12:22  Marauder  
  197  12:25  Marine  
  197  12:27  Viking  
  200  12:42  Command Center  
  200  12:43  Marauder  
  200  12:44  Terran Ship Weapons Level 1  
  195  13:08  Marine  
  195  13:09  Marauder  
  195  13:12  Marine x2  
  163  13:13  Marauder x2  
  163  13:14  Marine, Marauder  
  163  13:15  Marine x2, Marauder  
  148  13:25  Viking  
  148  13:26  Marine  
  145  13:30  Viking x2, Marine x2, Marauder  
  145  13:32  Marine  
  152  13:34  Marine x2, Marauder x2  
  152  13:36  Marauder  
  152  13:37  Marauder  
  152  13:40  Terran Infantry Armor Level 3  
  160  13:44  Marine  
  160  13:48  Marine  
  162  13:52  Marauder  
  162  13:54  Ghost Academy x2  
  162  13:55  Ghost  
  166  13:56  Marauder  
  166  13:57  Marine, Marauder  
  166  13:58  Marauder  
  166  13:59  Marine x2  
  166  14:02  Liberator x3  
  175  14:03  Liberator  
  175  14:05  Sensor Tower  
  187  14:12  Missile Turret  
  187  14:13  Marauder  
  189  14:17  Marauder  
  189  14:19  Marauder  
  191  14:30  Marine x2, Marauder x2  
  185  14:33  Marine  
  185  14:34  Marauder, Command Center  
  170  14:42  Marine  
  170  14:43  Marauder  
  170  14:45  Liberator  
  172  14:51  Marine x2  
  172  14:52  Marauder x3  
  183  14:54  Marine  
  183  14:55  Marine, Medivac x2  
  183  14:56  Terran Ship Weapons Level 2, Marauder  
  191  15:01  Planetary Fortress  
  191  15:03  Marine  
  191  15:04  Marauder  
  191  15:06  Marine, Unknown  
  195  15:08  Liberator  
  195  15:13  Marauder x2  
  199  15:14  Marine  
  200  15:29  Marine  
  200  15:34  Marine  
  200  15:35  Marine, Marauder  
  199  15:37  Marine  
  199  15:38  Command Center  
  181  15:46  Marine  
  181  15:47  Marine, Marauder  
  181  15:48  Marine x2, Marauder x2  
  166  15:51  Missile Turret  
  166  15:52  Marine x2  
  166  15:55  Marine  
  166  15:56  Marauder  
  155  16:00  Liberator  
  155  16:01  Planetary Fortress  
  147  16:04  Marine  
  147  16:05  Marine, SCV, Missile Turret  
  147  16:06  Marauder  
  147  16:08  Marauder  
  147  16:09  Marauder x2  
  147  16:10  Missile Turret  
  158  16:12  Liberator x2  
  158  16:17  Personal Cloaking  
  158  16:18  Nuke, Marauder  
  164  16:24  Marine  
  164  16:25  Marine  
  164  16:27  Marine  
  164  16:28  Marine x2, Marauder  
  164  16:29  Liberator  
  164  16:30  Marauder  
  164  16:31  Marauder x2  
  177  16:39  Marauder  
  177  16:42  Liberator  
  177  16:43  Marine  
  179  16:49  Marauder  
  180  16:54  Marine  
  180  16:55  Marine x2, Marauder x3, Liberator x2  
  180  16:57  Marine  
  180  17:00  Marine, Marauder  
  193  17:07  Nuke  
  193  17:10  Marine  
  193  17:11  Refinery x2, Marauder  
  193  17:12  Marine, Medivac  
  193  17:14  Terran Ship Weapons Level 3  
  192  17:23  Ghost x3, Marine x2  
  193  17:51  Marine x2  
  193  17:52  Marauder x2  
  186  17:58  Liberator  
  184  18:06  Marine  
  184  18:07  Marauder  
  175  18:14  Marine x3, Marauder x2  
  175  18:15  Marauder  
  175  18:16  Medivac x2, Liberator  
  181  18:22  Marine  
  181  18:23  Marauder  
  177  18:29  Marine x2  
  177  18:30  Marauder  
  177  18:31  Marine  
  175  18:36  Marauder x2  
  176  18:41  Medivac, Marine  
  176  18:42  Marauder  
  176  18:46  Liberator  
  184  18:50  Marine  
  184  18:51  Marauder  
  184  18:52  Marine x2  
  184  18:53  Marauder  
  179  18:56  Marine x2  
  179  18:57  Marauder x2  
  179  18:58  Liberator  
  179  19:00  Marine  
  188  19:03  Marauder  
  188  19:08  Marine  
  191  19:12  Marauder  
  191  19:13  Marine  
  191  19:14  Marauder  
  167  19:18  Marauder  
  167  19:19  Marine  
  167  19:20  Marine x2, Marauder  
  167  19:23  Medivac, Liberator  
  165  19:24  Marauder  
  165  19:31  Marine  
  160  19:34  Marauder  
  160  19:35  Marauder  
  162  19:43  Marine  
  163  19:48  Command Center  
  163  19:50  Missile Turret  
  149  20:00  Marine, Marauder  
  149  20:05  Marine, Marauder  
  149  20:07  Marine, Marauder  
  137  20:12  Marine  
  137  20:13  Marine  
  130  20:20  Marine  
  118  20:23  Marine  
  112  20:32  Marine  
  112  20:33  Marauder  
  112  20:34  Marine  
  108  20:42  Marine  
  103  20:48  Marine  
  103  20:49  Marauder  
  99  20:51  Marine  
  89  20:58  Marine  
  87  21:05  Marine, Marauder  
  87  21:09  Marine  
  87  21:10  Marine  
  87  21:18  Marine  
  82  21:19  Marauder  
  82  21:23  Marine  
  69  21:41  Marine  
  69  21:42  Marine x2, Marauder x2  
  72  21:50  Marine  
  72  21:51  Marauder  
  54  22:06  Marine  
  54  22:07  Orbital Command  
  54  22:15  Marine x3  
  54  22:29  Marine  
  55  22:30  Marine  
  55  22:32  SCV  
  56  22:40  SCV  
  56  22:43  SCV  
Show
View Real Time Build Order
Export as new Build Order

trigger Protoss 

Build Orders: 1 Gate Expand, Blink Stalkers 

Get SALT Encoding   

  12  0:00  Probe  
  13  0:12  Probe  
  14  0:16  Pylon  
  14  0:26  Probe (Chrono Boost)  
  15  0:37  Gateway  
  15  0:38  Probe (Chrono Boost)  
  16  0:45  Probe (Chrono Boost)  
  16  0:46  Assimilator  
  17  0:52  Probe  
  18  1:04  Probe  
  19  1:16  Probe  
  20  1:25  Nexus  
  20  1:33  Cybernetics Core  
  20  1:36  Probe  
  21  1:43  Assimilator  
  21  1:48  Probe  
  21  1:52  Pylon  
  22  2:00  Probe (Chrono Boost)  
  23  2:08  Adept (Chrono Boost)  
  23  2:10  Warp Gate  
  23  2:12  Probe (Chrono Boost)  
  26  2:18  Probe (Chrono Boost)  
  27  2:26  Probe, Twilight Council  
  27  2:32  Stalker  
  29  2:41  Probe (Chrono Boost)  
  29  2:43  Probe (Chrono Boost)  
  31  2:50  Probe (Chrono Boost)  
  33  2:53  Probe (Chrono Boost)  
  33  2:55  Probe (Chrono Boost)  
  33  2:56  Blink (Chrono Boost)  
  34  3:02  Probe  
  35  3:08  Gateway  
  35  3:10  Probe  
  36  3:18  Stalker  
  36  3:19  Probe  
  38  3:24  Probe  
  39  3:31  Probe  
  40  3:36  Probe  
  40  3:37  Robotics Facility  
  41  3:43  Probe  
  41  3:48  Probe  
  43  3:55  Probe  
  42  3:59  Stalker  
  42  4:00  Probe  
  45  4:03  Nexus  
  45  4:04  Pylon  
  45  4:07  Probe  
  46  4:14  Pylon  
  46  4:22  Probe x2  
  46  4:23  Stalker x2  
  52  4:26  Observer (Chrono Boost)  
  52  4:27  Assimilator  
  53  4:34  Probe x2, Assimilator  
  55  4:40  Observer  
  55  4:43  Forge  
  56  4:46  Probe x2  
  58  4:57  Shield Battery  
  58  4:58  Pylon, Probe x2  
  58  4:59  Observer  
  60  5:05  Gateway  
  60  5:06  Gateway  
  60  5:08  Observer  
  60  5:11  Probe x2  
  60  5:12  Charge  
  62  5:17  Robotics Bay  
  62  5:22  Probe (Chrono Boost)  
  62  5:25  Probe x2 (Chrono Boost)  
  56  5:32  Protoss Ground Weapons Level 1, Probe (Chrono Boost)  
  56  5:34  Probe x2 (Chrono Boost)  
  59  5:38  Probe (Chrono Boost)  
  59  5:39  Probe (Chrono Boost)  
  59  5:41  Sentry, Probe (Chrono Boost)  
  63  5:50  Probe  
  63  5:54  Stalker  
  63  5:57  Probe  
  65  6:02  Pylon  
  65  6:05  Pylon, Colossus (Chrono Boost)  
  65  6:06  Probe  
  65  6:07  Probe  
  69  6:12  Probe (Chrono Boost)  
  69  6:14  Extended Thermal Lance  
  71  6:18  Probe (Chrono Boost)  
  71  6:24  Observer, Probe (Chrono Boost)  
  69  6:26  Probe (Chrono Boost)  
  69  6:27  Sentry, Gateway  
  69  6:28  Gateway  
  69  6:32  Probe (Chrono Boost), Shield Battery  
  72  6:33  Probe (Chrono Boost)  
  72  6:38  Pylon, Probe  
  74  6:48  Probe x2  
  74  6:51  Colossus (Chrono Boost)  
  74  6:52  Photon Cannon  
  81  7:05  Stalker x3  
  86  7:08  Probe  
  84  7:17  Probe  
  85  7:27  Probe  
  86  7:31  Nexus  
  86  7:32  Pylon, Probe  
  86  7:33  Probe  
  86  7:34  Assimilator  
  86  7:35  Pylon  
  88  7:39  Assimilator  
  88  7:41  Templar Archives, Probe  
  89  7:45  Observer (Chrono Boost)  
  89  7:46  Stalker  
  91  7:54  Stalker x2  
  93  8:02  Probe x2 (Chrono Boost)  
  93  8:04  Disruptor  
  95  8:12  Pylon, Probe (Chrono Boost)  
  96  8:14  Probe (Chrono Boost)  
  96  8:17  Pylon  
  98  8:23  Probe (Chrono Boost)  
  98  8:24  Probe (Chrono Boost)  
  98  8:25  Forge  
  99  8:31  Probe (Chrono Boost)  
  99  8:32  Photon Cannon, Protoss Ground Armor Level 1 (Chrono Boost)  
  99  8:33  Photon Cannon, Probe (Chrono Boost)  
  101  8:34  Probe (Chrono Boost)  
  101  8:38  High Templar x2  
  101  8:40  Immortal  
  110  8:41  High Templar  
  110  8:43  Archon, High Templar  
  110  8:46  Probe x2 (Chrono Boost)  
  110  8:47  Probe (Chrono Boost)  
  118  8:48  Pylon  
  118  8:50  Probe (Chrono Boost), Archon  
  118  8:58  Stalker x2  
  122  9:03  Protoss Ground Weapons Level 2 (Chrono Boost)  
  122  9:04  Gateway  
  122  9:07  Probe, Gateway  
  122  9:08  Probe x2  
  125  9:21  Probe  
  126  9:26  Photon Cannon, Probe  
  126  9:27  Immortal (Chrono Boost)  
  126  9:31  Probe  
  132  9:33  Robotics Facility  
  132  9:35  Pylon, Probe  
  132  9:37  Assimilator  
  133  9:41  Stalker x4  
  133  9:42  Stalker x2  
  133  9:44  Assimilator  
  139  10:02  Probe x2  
  139  10:06  Observer (Chrono Boost)  
  140  10:07  Probe  
  140  10:08  Probe  
  140  10:10  Photon Cannon, Zealot x6  
  154  10:19  Photon Cannon  
  154  10:26  Immortal  
  156  10:28  Probe (Chrono Boost)  
  156  10:34  Probe (Chrono Boost)  
  156  10:41  Probe x2 (Chrono Boost)  
  156  10:44  Probe  
  156  10:45  Probe  
  156  10:47  Zealot  
  156  11:02  Nexus  
  156  11:08  Protoss Ground Armor Level 2 (Chrono Boost)  
  156  11:12  Nexus  
  156  11:14  Pylon x2  
  156  11:16  Pylon  
  148  11:19  Pylon  
  148  11:32  Probe, Immortal (Chrono Boost)  
  149  11:34  Probe x2  
  149  11:35  Colossus (Chrono Boost)  
  161  11:43  Shield Battery  
  161  11:45  Probe  
  161  11:46  Shield Battery  
  161  11:47  Probe x2  
  164  11:50  Photon Cannon  
  163  11:54  Zealot  
  163  11:57  Pylon  
  165  12:03  Pylon, Protoss Ground Weapons Level 3 (Chrono Boost)  
  165  12:04  Pylon  
  165  12:05  Pylon  
  165  12:12  Probe  
  165  12:13  Probe  
  164  12:16  Stalker x2  
  167  12:25  Zealot x4  
  167  12:26  Probe x2  
  167  12:27  Pylon, Probe  
  176  12:42  Disruptor x2 (Chrono Boost)  
  176  12:47  Zealot x4  
  176  12:48  Zealot x2  
  194  12:53  Pylon  
  194  12:56  Nexus  
  178  13:04  Photon Cannon  
  170  13:10  Disruptor  
  170  13:11  Zealot x2  
  170  13:12  Zealot x4  
  155  13:19  Nexus  
  143  13:22  Probe x2  
  143  13:23  Probe  
  140  13:32  Observer  
  140  13:33  Dark Shrine  
  137  13:34  Probe  
  137  13:35  Probe x2  
  137  13:38  Shield Battery  
  137  13:41  Photon Cannon  
  140  13:44  Disruptor  
  140  13:47  Probe  
  140  13:48  Stalker x5  
  154  14:01  Stalker  
  156  14:11  Protoss Ground Armor Level 3  
  156  14:14  Probe, Gateway  
  156  14:16  Gateway  
  157  14:23  Stalker x2  
  120  14:40  Zealot x6  
  120  14:41  Disruptor  
  114  14:47  Stalker x7  
  114  14:48  Disruptor (Chrono Boost)  
  117  14:54  Shadow Stride (Chrono Boost)  
  113  15:03  Observer  
  113  15:04  Dark Templar  
  114  15:10  Observer, Dark Templar  
  114  15:12  Dark Templar  
  117  15:14  Disruptor (Chrono Boost)  
  117  15:19  Stalker x5  
  117  15:21  Disruptor (Chrono Boost)  
  130  15:27  Stalker x2  
  137  15:39  Dark Templar  
  133  15:42  Disruptor  
  133  15:45  Zealot x2  
  133  15:46  Zealot x5  
  133  15:49  Disruptor (Chrono Boost)  
  118  16:07  Dark Templar x4  
  125  16:15  Disruptor (Chrono Boost)  
  123  16:22  Disruptor (Chrono Boost)  
  126  16:44  Disruptor  
  123  16:47  Stalker x2  
  124  17:03  Probe x3  
  124  17:05  Disruptor (Chrono Boost)  
  128  17:09  Nexus  
  128  17:10  Stalker x5  
  128  17:11  Stalker x5  
  146  17:19  Disruptor (Chrono Boost)  
  146  17:38  Disruptor (Chrono Boost)  
  146  17:39  Pylon  
  146  17:42  Zealot x7  
  148  18:01  Stalker x3  
  148  18:02  Dark Templar  
  148  18:03  Dark Templar  
  130  18:18  Stalker  
  126  18:23  Probe x3  
  126  18:26  Disruptor  
  127  18:31  Pylon  
  123  18:34  Pylon  
  123  18:35  Probe x2 (Chrono Boost)  
  123  18:36  Nexus  
  123  18:39  Pylon  
  123  18:41  Probe (Chrono Boost)  
  126  18:45  Probe (Chrono Boost)  
  126  18:46  Probe (Chrono Boost)  
  127  18:49  Probe (Chrono Boost)  
  127  18:53  Disruptor  
  128  18:57  Pylon, Probe  
  129  19:04  Stalker  
  120  19:13  Stalker x2  
  120  19:16  Zealot  
  98  19:18  Zealot  
  98  19:21  Observer  
  95  19:31  Disruptor x2 (Chrono Boost)  
  95  19:37  Probe (Chrono Boost)  
  104  19:42  Probe (Chrono Boost)  
  104  19:43  Probe (Chrono Boost)  
  104  19:47  Probe (Chrono Boost)  
  107  19:59  Disruptor  
  81  20:09  Dark Templar x2  
  81  20:10  Disruptor  
  46  20:35  Dark Templar  
  46  20:36  Dark Templar  
  38  20:50  Dark Templar  
  30  21:18  Dark Templar x3  
  34  21:22  Stalker  
  23  21:58  Stalker  
  23  21:59  Observer  
  21  22:22  Probe (Chrono Boost)  
  20  22:37  Probe  

Tags
 
Add a new tag
Caveats
  • Supply blocks, unpowered buildings, or Contaminate may cause inaccurate times.
  • Supply counts are checked every 10 seconds.